[Event "Titled Tuesday Blitz December 06 Early 2022"]
[White "Nambiar, Vivek"]
[Black "Eynullayev, Atilla"]
[WhiteFideId "5005329"]
[BlackFideId "13413570"]
[WhiteElo "2133"]
[BlackElo "2181"]
[Result "0-1"]
[Round "04"]
[TimeControl "180+1"]
[Date "2022.12.07"]
[WhiteClock "0:00:02"]
[BlackClock "0:01:29"]

1. Nf3 Nf6 2. c4 e6 3. Nc3 d5 4. d4 Nbd7 5. e3 Bd6 6. Bd3 O-O 7. O-O b6 8. b3 Bb7 9. Bb2 Ne4 10. Rc1 a6 11. cxd5 exd5 12. Nd2 f5 13. f3 Qh4 14. f4 Rf6 15. Nf3 Qh6 16. Ne5 Nf8 17. Nxe4 fxe4 18. Be2 Re6 19. Qe1 c5 20. Bg4 Re7 21. dxc5 bxc5 22. Qg3 Ng6 23. Nxg6 Qxg6 24. Qh3 Rf8 25. f5 Qg5 26. f6 gxf6 27. Rf5 Qg7 28. Rcf1 Be5 29. Bxe5 Rxe5 30. Rxe5 fxe5 31. Be6+ Kh8 32. Rxf8+ Qxf8 33. Qf5 Qxf5 34. Bxf5 Kg7 35. Kf2 h6 36. Kg3 Kf6 37. Bh7 d4 38. exd4 cxd4 39. Bg8 e3 40. Bc4 a5 41. Bd3 e4 42. Bc4 d3 43. Kf4 d2 44. Be2 Ba6 45. Kxe3 Bxe2 46. Kxe2 e3 47. a3 Ke5 48. b4 axb4 49. axb4 Kd5 50. g4 Kc4 51. b5 Kc3 52. b6 Kc2 53. b7 d1=Q+ 54. Kxe3 Qb1 0-1


[Site "https://www.chess.com"]

[Event "Titled Tuesday Blitz December 06 Early 2022"]
[White "Nugumanov, Bakhtiyar"]
[Black "Kvaloy, Aksel Bu"]
[WhiteFideId "13701797"]
[BlackFideId "1528815"]
[WhiteElo "2287"]
[BlackElo "2184"]
[Result "1-0"]
[Round "04"]
[TimeControl "180+1"]
[Date "2022.12.07"]
[WhiteClock "0:01:48"]
[BlackClock "0:01:40"]

1. e4 e5 2. Nf3 Nf6 3. Nc3 Nc6 4. d4 exd4 5. Nd5 Bc5 6. Bg5 d6 7. Bxf6 gxf6 8. Qd2 Bg4 9. Qf4 Bxf3 10. Nxf6+ Kf8 11. Qh6+ Ke7 12. Nd5+ Kd7 13. Qh3+ Ke8 14. gxf3 Ne5 15. f4 Ng6 16. f5 Ne5 17. f4 c6 18. fxe5 cxd5 19. Bb5+ Kf8 20. Qh6+ Ke7 21. Qf6+ Kf8 22. Qxh8+ Ke7 23. Qf6+ Kf8 24. Qh6+ Ke7 25. f6+ Ke6 26. Qh3+ Kxe5 27. Qf5# 1-0


[Site "https://www.chess.com"]

[Event "Titled Tuesday Blitz December 06 Early 2022"]
[White "Ohanyan, Emin"]
[Black "Moksh Amit Doshi"]
[WhiteFideId "13312022"]
[BlackFideId "25064967"]
[WhiteElo "2352"]
[BlackElo "2297"]
[Result "1-0"]
[Round "04"]
[TimeControl "180+1"]
[Date "2022.12.07"]
[WhiteClock "0:00:33"]
[BlackClock "0:00:01"]

1. e4 c5 2. Nf3 d6 3. d4 cxd4 4. Nxd4 Nf6 5. Nc3 a6 6. Bc4 e6 7. Bb3 Nbd7 8. f4 Nc5 9. f5 e5 10. Nde2 Be7 11. Ng3 b5 12. Nh5 Nxh5 13. Qxh5 Nxb3 14. axb3 Bb7 15. O-O h6 16. Be3 Bg5 17. Bf2 O-O 18. Rfd1 Rc8 19. Qe2 Qc7 20. h4 Be7 21. Rd2 Rfd8 22. Nd5 Bxd5 23. exd5 Qb7 24. Qe4 Re8 25. g3 Bd8 26. c3 f6 27. Kg2 Bb6 28. Be1 a5 29. g4 a4 30. Qe2 e4 31. Qxb5 e3 32. Re2 axb3 33. Ra6 Rb8 34. Bg3 Qe7 35. Qd3 Bc5 36. Kf3 h5 37. gxh5 Qf7 38. Kg4 Ra8 39. Rxa8 Rxa8 40. Bf4 Ra4 41. c4 Qe7 42. Qxb3 Rb4 43. Qd3 Qb7 44. Bxe3 Rb3 45. Qe4 Rxe3 46. Rxe3 Bxe3 47. Qxe3 Qxb2 48. Qe4 Kh7 49. Kf3 Qc3+ 50. Ke2 Qg3 51. Kd2 Qf2+ 52. Kc3 Qc5 53. Kb3 Qb6+ 54. Kc2 Qf2+ 55. Kc3 1-0


[Site "https://www.chess.com"]

[Event "Titled Tuesday Blitz December 06 Early 2022"]
[White "Oro, Faustino"]
[Black "Bochnicka, Vladimir"]
[WhiteFideId "20000197"]
[BlackFideId "14943450"]
[WhiteElo "1984"]
[BlackElo "2239"]
[Result "0-1"]
[Round "04"]
[TimeControl "180+1"]
[Date "2022.12.07"]
[WhiteClock "0:00:05"]
[BlackClock "0:00:19"]

1. Nf3 c5 2. g3 Nc6 3. Bg2 g6 4. O-O Bg7 5. e3 e5 6. c4 Nge7 7. Nc3 O-O 8. d3 d6 9. Ne1 Be6 10. Nd5 f5 11. Nc2 Qd7 12. e4 h6 13. f4 Kh7 14. Qe2 Rae8 15. fxe5 Nxe5 16. Bf4 Nxd5 17. cxd5 Bg8 18. Qd1 Qb5 19. Bxe5 Bxe5 20. Rb1 f4 21. gxf4 Bxf4 22. Na3 Qd7 23. Kh1 Qe7 24. Rf3 g5 25. Bh3 Bf7 26. Bf5+ Kh8 27. Rh3 Qf6 28. Qg4 Bxd5 29. Bd7 Be6 30. Bxe6 Qxe6 31. Qg2 Kg7 32. Rf1 Rf6 33. Rhf3 Ref8 34. Nc4 b5 35. Na5 Qxa2 36. Nc6 Qf7 37. R3f2 Qc7 38. e5 dxe5 39. h4 Qxc6 0-1


[Site "https://www.chess.com"]

[Event "Titled Tuesday Blitz December 06 Early 2022"]
[White "Osiecki, Stanislaw"]
[Black "Najdin, Danil"]
[WhiteFideId "1102990"]
[BlackFideId "4172426"]
[WhiteElo "2088"]
[BlackElo "2245"]
[Result "1-0"]
[Round "04"]
[TimeControl "180+1"]
[Date "2022.12.07"]
[WhiteClock "0:00:31"]
[BlackClock "0:00:18"]

1. e4 c5 2. c3 d5 3. e5 Nc6 4. d4 Bf5 5. Bd3 Bxd3 6. Qxd3 e6 7. Ne2 Rc8 8. a3 Nge7 9. O-O Nf5 10. Rd1 Be7 11. b4 cxd4 12. cxd4 O-O 13. Nbc3 a5 14. b5 Nb8 15. g4 Nh4 16. f4 Nd7 17. f5 exf5 18. gxf5 Nxf5 19. Qxf5 Nb6 20. Kh1 Nc4 21. a4 Bb4 22. Qd3 Qh4 23. Qg3 Qh5 24. Nf4 Qf5 25. Ncxd5 Kh8 26. Qg2 Rfd8 27. Rg1 Bf8 28. Ra2 Qb1 29. Rf2 Qb3 30. Nh5 g6 31. Nhf6 Qxa4 32. Qh3 h5 33. Nxh5 1-0


[Site "https://www.chess.com"]

[Event "Titled Tuesday Blitz December 06 Early 2022"]
[White "Ovchinnikov, Vsevolod"]
[Black "Tatarinov, Dmitry"]
[WhiteFideId "24176842"]
[BlackFideId "24160067"]
[WhiteElo "2376"]
[BlackElo "2326"]
[Result "1-0"]
[Round "04"]
[TimeControl "180+1"]
[Date "2022.12.07"]
[WhiteClock "0:00:05"]
[BlackClock "0:00:33"]

1. d4 Nf6 2. c4 g6 3. Nc3 Bg7 4. e4 O-O 5. Nf3 c5 6. d5 d6 7. h3 e6 8. Bd3 Na6 9. O-O Nc7 10. Re1 e5 11. Bg5 h6 12. Bd2 Nfe8 13. Qc1 Kh7 14. Nh2 Rb8 15. Nf1 a6 16. a4 b6 17. Ng3 h5 18. Bg5 Bf6 19. Bd2 Ng7 20. Re2 Bd7 21. b3 h4 22. Nf1 Nh5 23. Re1 Nf4 24. Bc2 Bg5 25. Ne3 Ne8 26. Kh1 Nf6 27. Rg1 N6h5 28. Qf1 Qe7 29. Bd1 Kg7 30. Ra2 Rh8 31. Bg4 Be8 32. Qd1 Nf6 33. Bf3 Bd7 34. Kh2 a5 35. Bc1 Rbf8 36. Ne2 N6h5 37. Rc2 f5 38. Kh1 Nxe2 39. Qxe2 Bxe3 40. Bxe3 f4 41. Bc1 Ng3+ 42. fxg3 hxg3 43. Rd1 Rh4 44. Kg1 Rfh8 45. Kf1 g5 46. Ke1 g4 47. hxg4 Qg5 48. Kd2 Rxg4 49. Kd3 Rgh4 50. Bd2 Be8 51. Rcc1 Bg6 52. Rf1 Rh2 53. Rce1 R8h4 54. Kc3 Bh5 55. Bc1 Bxf3 56. Rxf3 Qg4 57. Bd2 Rh1 58. Kd3 Rxe1 59. Qxe1 Rh2 60. Qe2 Rh1 61. Bc3 Rb1 62. Kc2 Rg1 63. Kd3 Qg6 64. Rxf4 Kh7 65. Rg4 Qh5 66. Rxg3 Rd1+ 67. Bd2 Qxe2+ 68. Kxe2 Rb1 69. Be1 Rb2+ 70. Bd2 Rb1 71. Rf3 Kg6 72. g4 Kg7 73. g5 Rg1 74. Kd3 Rb1 75. Kc2 Re1 76. Rf6 Rxe4 77. Rxd6 Rg4 78. Rxb6 Rg2 79. Re6 Re2 80. d6 e4 81. d7 e3 82. Rxe3 1-0


[Site "https://www.chess.com"]

[Event "Titled Tuesday Blitz December 06 Early 2022"]
[White "Paiva, Henrique M A Albergaria"]
[Black "Volkov, Maksim"]
[WhiteFideId "1920995"]
[BlackFideId "54123070"]
[WhiteElo "1993"]
[BlackElo "2257"]
[Result "0-1"]
[Round "04"]
[TimeControl "180+1"]
[Date "2022.12.07"]
[WhiteClock "0:01:17"]
[BlackClock "0:01:39"]

1. e4 c5 2. Nf3 d6 3. Nc3 Nf6 4. d4 cxd4 5. Nxd4 a6 6. Be2 e5 7. Nb3 Be7 8. Be3 Be6 9. O-O O-O 10. Bf3 Qc7 11. a4 Rc8 12. a5 Nbd7 13. Re1 b5 14. axb6 Nxb6 15. Nd2 Qb7 16. Rb1 Nbd7 17. Nf1 h6 18. Ng3 Bf8 19. Nh5 Nxh5 20. Bxh5 Nf6 21. Bf3 Rab8 22. Nd5 Nxd5 23. exd5 Bf5 24. Re2 e4 25. Bh5 g6 26. g4 Bd7 27. Kh1 gxh5 28. gxh5 Bg7 29. Qg1 Kh7 30. c3 Rg8 31. Qe1 Bg4 32. Bd4 Bf3+ 0-1


[Site "https://www.chess.com"]

[Event "Titled Tuesday Blitz December 06 Early 2022"]
[White "Paravyan, David"]
[Black "Bacrot, Etienne"]
[WhiteFideId "4194985"]
[BlackFideId "605506"]
[WhiteElo "2551"]
[BlackElo "2667"]
[Result "1-0"]
[Round "04"]
[TimeControl "180+1"]
[Date "2022.12.06"]
[WhiteClock "0:00:04"]
[BlackClock "0:00:06"]

1. e4 c5 2. Nf3 d6 3. d4 cxd4 4. Nxd4 Nf6 5. Nc3 Nc6 6. Bg5 e6 7. Qd2 a6 8. Nxc6 bxc6 9. O-O-O Be7 10. Bxf6 gxf6 11. Bc4 Bb7 12. Rhe1 h5 13. Qe2 Qc7 14. Kb1 d5 15. Bb3 h4 16. f4 Bb4 17. exd5 cxd5 18. Nxd5 Bxd5 19. Bxd5 Rd8 20. c3 Be7 21. Bf3 Rxd1+ 22. Rxd1 Qxf4 23. Qxa6 O-O 24. Qa7 Bd6 25. Qd4 Qf5+ 26. Be4 Qf4 27. g3 Qe5 28. Bc2 hxg3 29. Qh4 f5 30. hxg3 Qxg3 31. Qd4 Be5 32. Qc5 Bg7 33. Rg1 Qh2 34. Qd4 Qh6 35. a4 Rb8 36. a5 Kh8 37. Qa7 Qf4 38. Rh1+ Kg8 39. Rg1 Qe5 40. Qd4 Qxd4 41. cxd4 Kf8 42. Rd1 Ke7 43. b3 Rb4 44. d5 f4 45. dxe6 fxe6 46. a6 Rb6 47. Bd3 Bd4 48. Bc4 e5 49. Kc2 Rb8 50. Kd3 Rd8 51. Ke4 Kd6 52. Rh1 Kc5 53. Rh7 Kb6 54. Rb7+ Kc6 55. b4 f3 56. Kxf3 Bc3 57. b5+ Kc5 58. Be2 Kd4 59. a7 e4+ 60. Kg4 Ke3 61. Rb8 Rd7 62. a8=Q Rg7+ 63. Kf5 Rb7 64. Qxb7 1-0


[Site "https://www.chess.com"]

[Event "Titled Tuesday Blitz December 06 Early 2022"]
[White "Pein, Jonathan"]
[Black "Zaichenko, Daria"]
[WhiteFideId "417092"]
[BlackFideId "4197453"]
[WhiteElo "2225"]
[BlackElo "2039"]
[Result "1/2-1/2"]
[Round "04"]
[TimeControl "180+1"]
[Date "2022.12.07"]
[WhiteClock "0:00:10"]
[BlackClock "0:00:44"]

1. e4 c5 2. Nf3 Nc6 3. d4 cxd4 4. Nxd4 Nf6 5. Nc3 d6 6. Bg5 e6 7. Nb3 Bd7 8. Qd2 a6 9. Bd3 Be7 10. O-O h6 11. Bh4 Ne5 12. Bg3 Nxd3 13. Qxd3 e5 14. Rad1 O-O 15. f4 exf4 16. Bxf4 Qb6+ 17. Be3 Qc6 18. Nd4 Qc7 19. Nf5 Bxf5 20. Rxf5 Rad8 21. Rdf1 b5 22. Rxf6 Bxf6 23. Nd5 Qc4 24. Nxf6+ gxf6 25. Rxf6 Rfe8 26. Bxh6 Qxd3 27. cxd3 Re6 28. Rxe6 fxe6 29. Bd2 Rc8 30. Bc3 b4 31. Bxb4 Rc1+ 32. Kf2 Rc2+ 33. Kf3 Rxb2 34. a3 Rb3 35. Ke3 d5 36. g4 Kf7 37. exd5 exd5 38. h4 Kg6 39. Kd4 a5 40. Bxa5 Rxa3 41. Bb4 Rb3 42. Be7 Kf7 43. Bd8 Rb4+ 44. Kxd5 Rxg4 45. d4 Ke8 46. Bg5 Kd7 47. Ke5 Rg2 48. Kf5 Kd6 49. h5 Kd5 50. Bf6 Rh2 51. Kg6 Ke6 52. Be5 Rg2+ 53. Kh7 Kf7 54. h6 Rg6 55. Bg7 Rd6 56. Kh8 Rd8+ 57. Kh7 Rd6 58. Be5 Rd8 59. Bg7 Rd6 1/2-1/2


[Site "https://www.chess.com"]

[Event "Titled Tuesday Blitz December 06 Early 2022"]
[White "Postnikov, Artem"]
[Black "Petrova, Irina"]
[WhiteFideId "34153575"]
[BlackFideId "14124122"]
[WhiteElo "2243"]
[BlackElo "2023"]
[Result "1/2-1/2"]
[Round "04"]
[TimeControl "180+1"]
[Date "2022.12.07"]
[WhiteClock "0:00:13"]
[BlackClock "0:01:02"]

1. d4 d6 2. c4 e5 3. Nf3 e4 4. Nfd2 f5 5. Nc3 Nf6 6. e3 g6 7. b4 Bg7 8. Bb2 O-O 9. Qb3 c6 10. b5 a6 11. a4 axb5 12. axb5 Rxa1+ 13. Bxa1 Be6 14. Be2 Nbd7 15. Bb2 g5 16. Ba3 c5 17. O-O Qe8 18. Nd5 Nxd5 19. cxd5 Bf7 20. dxc5 Nxc5 21. Bxc5 dxc5 22. Bc4 b6 23. Rd1 Be5 24. d6 Bxd6 25. Bxf7+ Qxf7 26. Qxf7+ Rxf7 27. Nxe4 Bxh2+ 28. Kxh2 fxe4 29. Kg3 Rf6 30. Rd7 h5 31. f3 exf3 32. gxf3 Re6 33. e4 g4 34. fxg4 hxg4 35. Kf4 g3 36. Kxg3 Rxe4 37. Rd6 Rb4 38. Rxb6 c4 39. Rc6 c3 40. Rxc3 Rxb5 41. Rf3 1/2-1/2


[Site "https://www.chess.com"]

[Event "Titled Tuesday Blitz December 06 Early 2022"]
[White "Postnikov, Daniil"]
[Black "Ozen, Bahadir"]
[WhiteFideId "4166329"]
[BlackFideId "6337058"]
[WhiteElo "2261"]
[BlackElo "2503"]
[Result "0-1"]
[Round "04"]
[TimeControl "180+1"]
[Date "2022.12.06"]
[WhiteClock "0:00:04"]
[BlackClock "0:00:07"]

1. e4 d6 2. d4 Nf6 3. Nc3 e5 4. Nf3 Nbd7 5. g4 g6 6. h3 c6 7. Bc4 b5 8. Bb3 exd4 9. Nxd4 Bb7 10. a3 Bg7 11. Bg5 h6 12. Bf4 Ne5 13. Qd2 a6 14. Qe3 c5 15. Bxe5 dxe5 16. Nf3 c4 17. Ba2 O-O 18. Rd1 Qe7 19. g5 hxg5 20. Nxg5 Rad8 21. h4 Nh5 22. f3 Nf4 23. Kf2 Bh6 24. a4 Bc6 25. axb5 axb5 26. Rdg1 Rd4 27. Ne2 Nxe2 28. Kxe2 Rfd8 29. Kf2 Rd2+ 30. Kg3 f6 31. b3 fxg5 32. h5 Qf6 33. hxg6 Kg7 34. bxc4 b4 35. c5 R2d4 36. Bf7 Rh8 37. Kg4 Bd7+ 38. Kg3 g4 39. Rxh6 Rxh6 40. fxg4 Qh4+ 41. Kf3 Qh3+ 42. Rg3 Bxg4+ 43. Kf2 Qh2+ 44. Rg2 Qh4+ 45. Kg1 Rd1+ 46. Qe1 Rxe1# 0-1


[Site "https://www.chess.com"]

[Event "Titled Tuesday Blitz December 06 Early 2022"]
[White "Predke, Alexandr"]
[Black "Sarana, Alexey"]
[WhiteFideId "24107581"]
[BlackFideId "24133795"]
[WhiteElo "2616"]
[BlackElo "2708"]
[Result "1-0"]
[Round "04"]
[TimeControl "180+1"]
[Date "2022.12.06"]
[WhiteClock "0:01:29"]
[BlackClock "0:00:48"]

1. Nf3 d5 2. g3 g6 3. Bg2 Bg7 4. d4 c6 5. O-O Nf6 6. a4 O-O 7. a5 Bf5 8. Bf4 Nbd7 9. h3 h6 10. g4 Be4 11. Nbd2 Rc8 12. c3 h5 13. g5 Ne8 14. Nxe4 dxe4 15. Nd2 e5 16. dxe5 Bxe5 17. Bxe5 Nxe5 18. Nxe4 Qe7 19. Qd4 c5 20. Qe3 Nc4 21. Qf4 Kg7 22. Nf6 Ne5 23. Nd5 Qe6 24. Rfd1 Nd6 25. Qf6+ Qxf6 26. gxf6+ Kh6 27. Ne7 Rcd8 28. Rd5 Nec4 29. b3 Nb2 30. Ra2 Nb5 31. Rxb2 Nxc3 32. Rxc5 Rd1+ 33. Kh2 Nb1 34. Bxb7 Nd2 35. Bg2 1-0


[Site "https://www.chess.com"]

[Event "Titled Tuesday Blitz December 06 Early 2022"]
[White "Quizon, Daniel"]
[Black "Hoffmann, Asa"]
[WhiteFideId "5217911"]
[BlackFideId "2001470"]
[WhiteElo "2385"]
[BlackElo "2117"]
[Result "1-0"]
[Round "04"]
[TimeControl "180+1"]
[Date "2022.12.07"]
[WhiteClock "0:02:27"]
[BlackClock "0:00:28"]

1. Nf3 d6 2. d4 Bg4 3. e4 Nf6 4. Nc3 c6 5. h3 Bh5 6. g4 Bg6 7. Bd3 e6 8. h4 d5 9. e5 Nfd7 10. h5 Bxd3 11. Qxd3 h6 12. g5 c5 13. g6 f5 14. Nxd5 exd5 15. Qxf5 Qe7 16. Be3 Nc6 17. O-O-O cxd4 18. Nxd4 Nxd4 19. Rxd4 Nb6 20. Rhd1 Rd8 21. a4 Rd7 22. a5 Nc4 23. Rxd5 1-0


[Site "https://www.chess.com"]

[Event "Titled Tuesday Blitz December 06 Early 2022"]
[White "Raahul V S"]
[Black "Rian, Kapriaga"]
[WhiteFideId "25035525"]
[BlackFideId "7103263"]
[WhiteElo "2202"]
[BlackElo "2323"]
[Result "1-0"]
[Round "04"]
[TimeControl "180+1"]
[Date "2022.12.07"]
[WhiteClock "0:01:03"]
[BlackClock "0:00:12"]

1. b3 c5 2. Bb2 d6 3. Nf3 e5 4. d3 Nc6 5. g3 Nf6 6. Bg2 Be7 7. O-O O-O 8. c4 h6 9. Nc3 Be6 10. e3 d5 11. cxd5 Nxd5 12. Nxd5 Bxd5 13. e4 Be6 14. Nxe5 Nxe5 15. Bxe5 Qd7 16. Qe2 Rfd8 17. Rad1 Rac8 18. d4 f6 19. dxc5 Qc6 20. Bd6 Bxd6 21. cxd6 Qc5 22. Qd3 Rd7 23. Qd4 Qa5 24. Rfe1 Rcd8 25. e5 fxe5 26. Rxe5 Rxd6 27. Rxa5 Rxd4 28. Rxd4 Rxd4 29. Bxb7 Bh3 30. Rd5 Rxd5 31. Bxd5+ Kf8 32. f4 Ke7 33. Kf2 Kd6 34. Bg2 Kc5 35. Bxh3 Kb4 36. Ke3 Ka3 37. Be6 Kxa2 38. Kd3 Ka3 39. Kc3 a5 40. Bd7 1-0


[Site "https://www.chess.com"]

[Event "Titled Tuesday Blitz December 06 Early 2022"]
[White "Ramirez Vido, Robert Yorisan"]
[Black "Mitrovic, Darko R"]
[WhiteFideId "3513823"]
[BlackFideId "927023"]
[WhiteElo "2365"]
[BlackElo "2150"]
[Result "1-0"]
[Round "04"]
[TimeControl "180+1"]
[Date "2022.12.07"]
[WhiteClock "0:00:27"]
[BlackClock "0:00:08"]

1. f4 d5 2. Nf3 Nf6 3. g3 g6 4. Bg2 Bg7 5. d3 O-O 6. O-O c5 7. Qe1 d4 8. Na3 Nc6 9. Bd2 Bd7 10. c3 dxc3 11. bxc3 b6 12. Ne5 Rc8 13. Nac4 e6 14. Nd6 Rc7 15. Nb5 Rc8 16. Nxc6 Bxc6 17. Bxc6 Rxc6 18. Nxa7 Rc7 19. Nb5 Rc8 20. Rb1 Ra8 21. a3 Nd5 22. c4 Nc7 23. Bc3 Nxb5 24. Rxb5 Rxa3 25. Bxg7 Kxg7 26. Qb1 Qd4+ 27. Kg2 Rfa8 28. Rxb6 Ra1 29. Qb2 Rxf1 30. Qxd4+ cxd4 31. Kxf1 Ra1+ 32. Kf2 Rh1 33. Kg2 Re1 34. Kf2 Rh1 35. h4 Kf6 36. Rd6 Kf5 37. Rxd4 Kg4 38. c5 Rh2+ 39. Ke1 Kxg3 40. c6 Rh1+ 41. Kd2 Ra1 42. c7 Ra2+ 43. Ke3 Ra8 44. Rd8 Ra1 45. c8=Q Rf1 46. Qc7 Kxh4 47. Qxf7 Kg3 48. Qxh7 Rxf4 49. Qxg6+ Rg4 50. Qxg4+ Kxg4 51. Rf8 e5 52. Ke4 Kg3 53. Kxe5 Kg4 54. d4 Kg3 55. d5 Kg4 56. d6 Kg5 57. d7 Kg4 58. d8=Q Kg3 59. Qg5+ 1-0


[Site "https://www.chess.com"]

[Event "Titled Tuesday Blitz December 06 Early 2022"]
[White "Ray, Sarathi"]
[Black "Jaskolka, Tomasz"]
[WhiteFideId "2032490"]
[BlackFideId "1170791"]
[WhiteElo "2029"]
[BlackElo "2126"]
[Result "0-1"]
[Round "04"]
[TimeControl "180+1"]
[Date "2022.12.07"]
[WhiteClock "0:00:08"]
[BlackClock "0:00:13"]

1. e4 c5 2. Nc3 e6 3. f4 d5 4. Nf3 Nc6 5. Bb5 dxe4 6. Bxc6+ bxc6 7. Nxe4 Nf6 8. d3 c4 9. O-O cxd3 10. Qxd3 Qxd3 11. Nxf6+ gxf6 12. cxd3 Ba6 13. Rd1 O-O-O 14. Be3 Kb7 15. d4 Bc4 16. b3 Bd5 17. Kf2 Bd6 18. Rac1 a5 19. Nd2 Rhg8 20. g3 a4 21. Nc4 Bc7 22. bxa4 Ra8 23. a5 Bxa5 24. Nxa5+ Rxa5 25. Rb1+ Kc7 26. Rb2 Rga8 27. Rdb1 R8a7 28. Bd2 Rxa2 29. Rxa2 Rxa2 30. Ke3 Ra3+ 31. Ke2 f5 32. Bb4 Ra2+ 33. Bd2 h5 34. Rc1 Ra3 35. Be3 Kd6 36. Rb1 Kc7 37. Rc1 Ra8 38. Rb1 Rh8 39. Rg1 h4 40. g4 fxg4 41. Rxg4 Be4 42. Rg7 Bg6 43. f5 exf5 44. Bf4+ Kd7 45. Be5 Ra8 46. Bf6 Ke6 47. Bxh4 Ra2+ 48. Ke3 Rxh2 49. Bg3 Ra2 50. Kf4 Re2 51. Rg8 Re4+ 52. Kf3 Rxd4 53. Rc8 Rc4 54. Bf2 Bh5+ 55. Ke3 f4+ 56. Kd2 Kd5 57. Kd3 Bg6+ 58. Kd2 Rc2+ 59. Ke1 Ke4 60. Bb6 Bh5 61. Rh8 Bg4 62. Rh4 f5 63. Rh8 Re2+ 64. Kf1 Kf3 65. Ba5 Ra2 66. Be1 c5 67. Rc8 Ra1 68. Rd8 Bh3+ 69. Kg1 Rxe1+ 70. Kh2 Ra1 71. Rd3+ Ke4 72. Rxh3 c4 73. Rc3 Kd4 74. Rc2 Kd3 75. Rf2 Re1 76. Rxf4 c3 77. Rxf5 c2 78. Rd5+ Kc3 79. Rc5+ Kd2 80. Rd5+ Kc3 81. Rc5+ Kd3 82. Rd5+ Kc4 83. Rd8 c1=Q 84. Rc8+ Kd5 85. Rxc1 Rxc1 0-1


[Site "https://www.chess.com"]

[Event "Titled Tuesday Blitz December 06 Early 2022"]
[White "Riehle, Marco"]
[Black "Gatterer, Florian"]
[WhiteFideId "12904392"]
[BlackFideId "811688"]
[WhiteElo "2462"]
[BlackElo "2218"]
[Result "1-0"]
[Round "04"]
[TimeControl "180+1"]
[Date "2022.12.07"]
[WhiteClock "0:01:37"]
[BlackClock "0:00:18"]

1. e4 c6 2. c4 d5 3. cxd5 cxd5 4. exd5 Nf6 5. Nc3 Nxd5 6. Nf3 Nc6 7. Bb5 g6 8. Qa4 Nb6 9. Bxc6+ bxc6 10. Qxc6+ Bd7 11. Qe4 Bg7 12. d4 Rc8 13. O-O O-O 14. Ne5 Bf5 15. Qh4 Nc4 16. Nxc4 Rxc4 17. Be3 Bxd4 18. Bxd4 Rxd4 19. Qg3 Qb6 20. b3 Rd3 21. Na4 Rxg3 22. Nxb6 Rd3 23. Nc4 Be6 24. Rac1 Bxc4 25. Rxc4 Rd2 26. Ra4 Rd7 27. g3 h5 28. Rc1 Rfd8 29. Rc2 Kg7 30. Kg2 e6 31. h4 Rb8 32. Rc5 Rbb7 33. Rc8 Rbc7 34. Rxc7 Rxc7 35. Kf3 Kf6 36. Ke3 Ke5 37. Ra5+ Kd6 38. f3 Rc3+ 39. Kf4 Rc7 40. g4 hxg4 41. fxg4 Ke7 42. h5 gxh5 43. gxh5 Kf6 44. Ra4 Rd7 45. Kg4 Rc7 46. Rf4+ Kg7 47. Rc4 Kf6 48. Rxc7 1-0


[Site "https://www.chess.com"]

[Event "Titled Tuesday Blitz December 06 Early 2022"]
[White "Rodchenkov, Sergey D."]
[Black "Bon, Michael"]
[WhiteFideId "4168712"]
[BlackFideId "620696"]
[WhiteElo "2277"]
[BlackElo "2380"]
[Result "0-1"]
[Round "04"]
[TimeControl "180+1"]
[Date "2022.12.07"]
[WhiteClock "0:01:21"]
[BlackClock "0:00:21"]

1. e4 e6 2. d4 d5 3. Nc3 Nf6 4. e5 Nfd7 5. f4 c5 6. Nf3 Nc6 7. Be3 Qb6 8. Na4 Qa5+ 9. c3 c4 10. b4 Nxb4 11. cxb4 Bxb4+ 12. Kf2 b5 13. Nb2 Bc3 14. Qc2 b4 15. a3 bxa3 16. Nxc4 dxc4 17. Ra2 Nb6 18. f5 exf5 19. Bc1 Bb4 20. Bxc4 Nxc4 21. Qxc4 O-O 22. Be3 Be6 23. d5 Bxd5 24. Qh4 Bxa2 25. Ng5 h6 26. Nf3 Bc5 27. Re1 Rab8 28. Kg3 Rb2 29. Kh3 Bxe3 30. Rxe3 Bd5 31. Nd4 Bxg2+ 32. Kg3 a2 33. e6 Qc7+ 34. Qf4 Qxf4+ 35. Kxf4 a1=Q 36. exf7+ Rxf7 37. Re8+ Rf8 38. Rxf8+ Kxf8 39. Ne6+ Ke7 40. Nxg7 Qf1+ 41. Kg3 Qf3+ 42. Kh4 Qg4# 0-1


[Site "https://www.chess.com"]

[Event "Titled Tuesday Blitz December 06 Early 2022"]
[White "Rodriguez Fontecha, Marcos"]
[Black "Concio, Michael Jr."]
[WhiteFideId "2256576"]
[BlackFideId "5217873"]
[WhiteElo "2263"]
[BlackElo "2263"]
[Result "0-1"]
[Round "04"]
[TimeControl "180+1"]
[Date "2022.12.07"]
[WhiteClock "0:00:37"]
[BlackClock "0:00:07"]

1. Nf3 Nf6 2. d4 e6 3. g3 b5 4. Bg2 Bb7 5. a4 a6 6. axb5 axb5 7. Rxa8 Bxa8 8. O-O Be7 9. b3 b4 10. Qd3 Be4 11. Qd1 O-O 12. Nbd2 Bb7 13. Ne5 Bxg2 14. Kxg2 d6 15. Nd3 Nc6 16. Bb2 Qa8 17. f3 Nd5 18. Nc4 Na5 19. Qd2 Nxc4 20. bxc4 Nb6 21. Qxb4 Qc6 22. c5 dxc5 23. Nxc5 Nd5 24. Qd2 Bxc5 25. dxc5 Qxc5 26. Bd4 Qc4 27. e4 Nb4 28. c3 Nc6 29. Bf2 Rd8 30. Qf4 e5 31. Qg5 h6 32. Qc1 Rd3 33. Be1 Nd4 34. Qa3 Nc2 35. Qa8+ Kh7 36. Qc8 Ne3+ 37. Kg1 Nxf1 38. Qf5+ g6 39. Qxe5 Rxf3 40. Bf2 Ne3 0-1


[Site "https://www.chess.com"]

[Event "Titled Tuesday Blitz December 06 Early 2022"]
[White "Rosenberg, Evan S"]
[Black "Clawitter, Craig"]
[WhiteFideId "2019299"]
[BlackFideId "2023105"]
[WhiteElo "2351"]
[BlackElo "2175"]
[Result "1-0"]
[Round "04"]
[TimeControl "180+1"]
[Date "2022.12.07"]
[WhiteClock "0:00:05"]
[BlackClock "0:00:01"]

1. d4 e6 2. Nf3 Nf6 3. g3 d5 4. Bg2 Be7 5. O-O O-O 6. c4 dxc4 7. Qc2 a6 8. a4 Bd7 9. Ne5 Nc6 10. Nxc6 Bxc6 11. Bxc6 bxc6 12. Qxc4 Qd5 13. Nd2 h5 14. b3 h4 15. Bb2 c5 16. Rac1 cxd4 17. Qxd4 Rfd8 18. Qxd5 Nxd5 19. Nf3 hxg3 20. hxg3 Rab8 21. e4 Rxb3 22. exd5 Rxd5 23. Rxc7 Bf8 24. Bc3 Rd3 25. Ne5 Rdxc3 26. Rc1 Rxc7 27. Rxc7 f6 28. Ng6 Bd6 29. Rc6 Rd3 30. Rxa6 Kf7 31. Nh4 1-0


[Site "https://www.chess.com"]

[Event "Titled Tuesday Blitz December 06 Early 2022"]
[White "Sadhwani, Raunak"]
[Black "Xu, Yi"]
[WhiteFideId "35093487"]
[BlackFideId "8605564"]
[WhiteElo "2657"]
[BlackElo "2471"]
[Result "1-0"]
[Round "04"]
[TimeControl "180+1"]
[Date "2022.12.06"]
[WhiteClock "0:00:45"]
[BlackClock "0:00:07"]

1. d4 Nf6 2. Nf3 d5 3. Bf4 c5 4. e3 Nc6 5. Nbd2 Qb6 6. dxc5 Qxb2 7. Rb1 Qa3 8. Bb5 g6 9. e4 Bg7 10. Nd4 Qxc5 11. Be3 Ng4 12. N2b3 Nxe3 13. fxe3 Qc3+ 14. Qd2 Qxd2+ 15. Kxd2 Bd7 16. exd5 Nxd4 17. Nxd4 Bxd4 18. exd4 Bxb5 19. Rxb5 O-O-O 20. Kd3 e6 21. dxe6 fxe6 22. Re5 Rd6 23. Rf1 Rhd8 24. c3 Ra6 25. Rf2 Rd7 26. h4 Ra3 27. Rxe6 b5 28. Rc6+ Kb7 29. Rc5 a6 30. Ke4 Kb6 31. Rf6+ Ka5 32. Rcc6 Ra7 33. Rf2 Ka4 34. d5 a5 35. d6 Rd7 36. Kd5 b4 37. Ke6 Rd8 38. Ke7 Rb8 39. d7 Rxc3 40. Rxc3 bxc3 41. d8=Q 1-0


[Site "https://www.chess.com"]

[Event "Titled Tuesday Blitz December 06 Early 2022"]
[White "Sadubayev, Airat"]
[Black "Vidit, Santosh Gujrathi"]
[WhiteFideId "13713264"]
[BlackFideId "5029465"]
[WhiteElo "2160"]
[BlackElo "2669"]
[Result "0-1"]
[Round "04"]
[TimeControl "180+1"]
[Date "2022.12.06"]
[WhiteClock "0:00:01"]
[BlackClock "0:00:09"]

1. d4 Nf6 2. c4 e6 3. Nf3 Bb4+ 4. Bd2 Qe7 5. e3 O-O 6. Be2 b6 7. O-O Bb7 8. Bc1 d5 9. a3 Bd6 10. Nc3 a6 11. b4 dxc4 12. Bxc4 Nbd7 13. Bb2 e5 14. Rc1 Rad8 15. Re1 e4 16. Nd2 c5 17. dxc5 bxc5 18. b5 Ne5 19. Be2 Nd3 20. Bxd3 exd3 21. bxa6 Bxa6 22. e4 Bf4 23. g3 Qb7 24. Ba1 Be5 25. Na4 Bxa1 26. Rxa1 Qc6 27. Rc1 c4 28. Nc3 Rfe8 29. Qf3 h5 30. Qf4 Qc5 31. a4 Bb7 32. Rb1 Bc6 33. Rbc1 Rd4 34. Qe3 Ng4 35. Qf3 Rd6 36. Qf5 Qd4 37. e5 Rxe5 38. Rxe5 Qxe5 39. Qxe5 Nxe5 40. f4 Nf3+ 41. Nxf3 Bxf3 42. Rf1 Bg4 43. h3 Bxh3 44. Rd1 d2 45. Ne4 Rd4 0-1


[Site "https://www.chess.com"]